 Dungeon Crawl Stone Soup version 0.30-a0-122-g2a1322497e (webtiles) character file.

Game seed: 14748292138296996778

38 DEFE the Chopper (level 3, -1/31 HPs)
             Began as a Meteoran Fighter on Sept 15, 2022.
             Was an Initiate of the Shining One.
             Slain by a gnoll
             ... wielding a +0 flail
              (7 damage)
             ... on level 4 of the Dungeon.
             The game lasted 00:03:22 (685 turns).

DEFE the Chopper (Meteoran Fighter)                  Turns: 685, Time: 00:03:22

Health: -1/31      AC:  6    Str: 19    XL:     3   Next: 91%
Magic:  4/4        EV:  9    Int:  9    God:    the Shining One [......]
Gold:   59         SH:  5    Dex: 14    Spells: 2/2 levels left

rFire   . . .      SeeInvis +    a - +0 war axe
rCold   . . .      Faith    .    c - +0 buckler
rNeg    . . .      Spirit   .    b - +0 scale mail
rPois   .          Reflect  .    (no helmet)
rElec   .          Harm     .    (no cloak)
rCorr   .          Rampage  .    (no gloves)
Will    .....                    (no boots)
Stlth   ..........               (no amulet)
HPRegen 0.10/turn                g - ring of see invisible
MPRegen 0.09/turn                (no ring)

@: mighty, brilliant, glowing
A: sense surroundings 1, otherworldly, glowing, explore regen
a: Renounce Religion


You were on level 4 of the Dungeon.
You worshipped the Shining One.
The Shining One was noncommittal.
You visited 2 branches of the dungeon, and saw 5 of its levels.

You collected 59 gold pieces.

Inventory:

Hand Weapons
 a - a +0 war axe (weapon)
Armour
 b - a +0 scale mail (worn)
 c - a +0 buckler (worn)
Jewellery
 g - a ring of see invisible (left hand)
Scrolls
 f - a scroll of teleportation {unknown}
 h - 2 scrolls of noise {unknown}
 i - a scroll of summoning {unknown}
 l - 2 scrolls of identify {unknown}
 n - a scroll of enchant armour {unknown}
 o - a scroll of vulnerability {unknown}
Potions
 e - 2 potions of brilliance
 j - 2 potions of curing {unknown}
 k - a potion of invisibility {unknown}
 m - a potion of lignification {unknown}


   Skills:
 - Level 3.3 Fighting
 + Level 4.5 Axes
 - Level 3.6 Armour
 - Level 3.6 Shields


You had 2 spell levels left.
You didn't know any spells.
Your spell library contained the following spells:

 Spells                   Type           Power      Damage    Failure   Level
 Ensorcelled Hibernation  Hex/Ice        0%         N/A       93%         2
 Passwall                 Tmut/Erth      0%         N/A       93%         2
 Swiftness                Air            0%         N/A       99%         3


Dungeon Overview and Level Annotations

Branches:
Dungeon (4/15) Zot: 1709   Temple (1/1) D:4 Zot: 570

Altars:
Cheibriados
Dithmenos
Fedhas
Gozag
Hepliaklqana
Makhleb
Nemelex Xobeh
Okawaru
Qazlal
Ru
Sif Muna
Trog
Uskayaw
Vehumet
Wu Jian
Xom
The Shining One

Annotations:
Temple 2 transporters


Innate Abilities, Weirdness & Mutations

You passively map a small area around you.
You are easily found by Zot.
You glow in the dark.
You regain HP and MP as you explore.


Message History

Found a stone staircase leading up.
l - 2 scrolls labelled VUISCHIEDU (gained 1)
There are no items here.
You pick up a book of Burglary and begin reading...
You add the spells Passwall, Ensorcelled Hibernation and Swiftness to your library.
o - a scroll labelled OMYDOX ARIMM
Okay, then.
Found a stone staircase leading down.
Found an escape hatch in the ceiling. 4 gnolls come into view.
A gnoll is wielding a +1 vorpal flail.
The gnoll shouts! x4
Found 15 gold pieces.
The gnoll attacks as you move away! You block the gnoll's attack.
Found a stone staircase leading down.
The gnoll hits you from afar with a +0 spear.
You take 3 damage, and have 28/31 hp.
Unknown command.
You slash the gnoll! You closely miss the gnoll.
The gnoll hits you with a +0 whip. The gnoll barely misses you.
The gnoll hits you with a +0 whip. The gnoll hits you but does no damage.
The gnoll hits you with a +0 flail!
You take 14 damage, and have 14/31 hp.
MASSIVE DAMAGE!!
Unknown command.
You block the gnoll's attack.
Unknown command.
Unknown command.
The gnoll attacks as you move away!
The gnoll hits you with a +1 vorpal flail!
* * * LOW HITPOINT WARNING * * *
x2 You take 9 damage, and have 6/31 hp.
MASSIVE DAMAGE!!
Okay, then.
It was a potion of brilliance.
You feel clever all of a sudden.
Unknown command.
You feel very mighty all of a sudden. You block the gnoll's attack.
The gnoll hits you but does no damage. The gnoll hits you with a +0 flail!
You die...

, , ........#.....#....# ,
#.......#...#)..#...# #.
*##....###.)..#.## .#
#.####....#.#.#....... ,
..####......##...#...#.))..
.........### ##..#..##.....
>..........## ##....##..<..
,
,.........#g.####.....#..(..
.......>gg@........#.#.....
, *
........g##....#.......#...
,
.........#####.......#.....
....<...g.######.#.#...##..
...........................
.$.......#.#####...####.#..
,
.........#....##..#####....
.........####........####..
* .........# ####.<##.# *#..


You could see 4 gnolls.

Vanquished Creatures
  An orc (D:4)
  3 bats
  5 endoplasms
  2 giant cockroaches (D:1)
  3 goblins
  3 hobgoblins
  4 jackals (D:1)
  3 kobolds
  A quokka (D:3)
  4 ball pythons
  2 frilled lizards
  A rat (D:3)
32 creatures vanquished.

Notes
Turn   | Place    | Note
-------+----------+-------------------------------------------
     0 | D:1      | DEFE the Meteoran Fighter began the quest for the Orb.
     0 | D:1      | Reached XP level 1. HP: 19/19 MP: 2/2
   162 | D:1      | Reached skill level 3 in Axes
   162 | D:1      | Reached XP level 2. HP: 26/26 MP: 3/3
   222 | D:1      | Reached XP level 3. HP: 19/31 MP: 4/4
   345 | D:2      | Reached skill level 4 in Axes
   580 | D:4      | Found a staircase to the Ecumenical Temple.
   605 | Temple   | Entered the Ecumenical Temple
   605 | Temple   | Found a transporter.
   605 | Temple   | Found a transporter.
   607 | Temple   | Found a transporter.
   607 | Temple   | Found a transporter.
   619 | Temple   | Became a worshipper of the Shining One
   685 | D:4      | Slain by a gnoll

Illustrated notes

Levels and vault maps discovered:
D:1:      dpeg_arrival_round_a, layout_basic, chequers_ecumenical_altar_simple,
          grunt_decor_arrowhead, minmay_misc_feat_four_crosses, minmay_unequal
D:2:      layout_basic, serial_rivers, chequers_serial_rivers_small_b,
          chequers_serial_rivers_micro_e, chequers_serial_rivers_room_a,
          chequers_serial_rivers_micro_d, basic_altar
D:3:      layout_rooms, minmay_snake_closets, uniq_terence
D:4:      layout_rooms, minmay_temple_entry_arrows, serial_shops, shop, shop,
          nicolae_shop_statue_plus, minmay_stone_trees_small, uniq_menkaure
Temple:   hellmonk_temple_divided_pantheon

Skill      XL: |  1  2  3 |
---------------+----------+-----
Axes           | 3 4 |  4.5
Fighting       | |  3.3
Armour         | |  3.6
Shields        | |  3.6

Action                   || total
-------------------------++-------
Melee: War axe           ||    99
  Use: Potion            ||     2
Armor: Scale mail        ||    62
Dodge: Dodged            ||    48
Block: Buckler           ||    45

Table legend: (Time is in decaauts)
 A = Elapsed time spent in this place.
 B = Non-inter-level travel time spent in this place.
 C = Inter-level travel time spent in this place.
 D = Time resting spent in this place.
 E = Time spent auto-exploring this place.
 F = Levels seen in this place.
 G = Mean time per level.
                   A        B        C        D        E       F      G
               +--------+--------+--------+--------+--------+-----+--------+
         Total |    719 |    693 |     26 |      0 |      3 |   5 |  143.8 |
       Dungeon |    689 |    663 |     26 |      0 |      3 |   4 |  172.2 |
        Temple |     29 |     29 |      0 |      0 |      0 |   1 |   29.0 |
               +--------+--------+--------+--------+--------+-----+--------+

Top non-repeatable levels by time:
     D:1: 264 daAuts
     D:2: 194 daAuts
     D:3: 151 daAuts
     D:4: 78 daAuts
  Temple: 29 daAuts
